 Seeded DCSS version 0.29.1-4-g47bece8355 (webtiles) character file.

Game seed: 3829195969244022025 (custom seed)

44 GigaChad the Shooter (level 3, -5/31 HPs)
             Began as a Minotaur Hunter on Dec 6, 2022.
             Killed by divine providence
             ... invoked by an orc priest
              (13 damage)
             ... on level 2 of the Dungeon.
             The game lasted 00:02:23 (1024 turns).

GigaChad the Shooter (Minotaur Hunter)              Turns: 1024, Time: 00:02:23

Health: -5/31      AC:  8    Str: 17    XL:     3   Next: 41%
Magic:  2/2        EV:  7    Int:  6    God:
Gold:   92         SH:  0    Dex: 13    Spells: 2/2 levels left

rFire   . . .      SeeInvis .   e - +0 dagger
rCold   . . .      Faith    .   (no shield)
rNeg    . . .      Spirit   .   d - +0 chain mail
rPois   .          Reflect  .   (helmet restricted)
rElec   .          Harm     .   (no cloak)
rCorr   .          Rampage  .   (no gloves)
Will    .....                   (no boots)
Stlth   ..........              (no amulet)
HPRegen 0.10/turn               (no ring)
MPRegen 0.08/turn               (no ring)

@: no status effects
A: horns 2, retaliatory headbutt
a: no special abilities


You were on level 2 of the Dungeon.
You visited 1 branch of the dungeon, and saw 2 of its levels.

You collected 92 gold pieces.

Inventory:

Hand Weapons
 a - a +0 shortbow
 e - a +0 dagger (weapon)
Armour
 c - a +0 leather armour
 d - a +0 chain mail (worn)
Scrolls
 b - a scroll of immolation


   Skills:
 + Level 3.0 Fighting
 + Level 5.2 Ranged Weapons
 + Level 1.4 Armour
 + Level 2.3 Dodging
 + Level 0.7 Stealth


You had 2 spell levels left.
You didn't know any spells.
Your spell library was empty.

Dungeon Overview and Level Annotations

Branches:
Dungeon (2/15)

Altars:

Shops:
D:1 (


Innate Abilities, Weirdness & Mutations

You have a pair of horns on your head.
You reflexively headbutt those who attack you in melee.


Message History

The hobgoblin hits you but does no damage.
The orc hits you but does no damage. The orc barely misses you.
The hobgoblin attacks as you move away! The hobgoblin hits you.
The orc barely misses you. You furiously retaliate!
You headbutt the orc!
You kill the orc!
You barely miss the hobgoblin. You headbutt the hobgoblin.
You kill the hobgoblin!
You hit the orc.
The orc is heavily wounded.
The orc barely misses you.
You hit the orc but do no damage.
The orc is heavily wounded.
The orc hits you with a +0 mace.
You closely miss the orc.
The orc is heavily wounded.
The orc hits you with a +0 mace.
You hit the orc but do no damage. You headbutt the orc.
The orc is severely wounded.
The orc hits you but does no damage.
You hit the orc.
You kill the orc!
The orc priest looks encouraged for a moment.
Your Fighting skill increases to level 3!
You hit the orc.
The orc is severely wounded.
The orc wizard mumbles some strange words.
The orc wizard flickers and vanishes!
Deactivating autopickup; reactivate with Ctrl-A.
The orc priest calls down the wrath of Beogh upon you.
Beogh smites you! The orc hits you with a +0 club.
You hit the orc but do no damage.
The orc is severely wounded.
The orc hits you but does no damage.
You hit the orc.
You kill the orc!
You barely miss the goblin. The goblin hits you with a +0 club.
* * * LOW HITPOINT WARNING * * *
The orc priest invokes the aid of Beogh against you.
Beogh smites you!
You die...

#.......... #..........
.######## #.>..†...†.
........## #..........
.........#####..........
######..................
##.#####.#####..... #.#
#.# ####.# #@# #.# #.#
#g# #.# #.# #o#####.#
#.# . #{o.....# #.. ..o
#..###### ... #...# #..#
.#. ......#..# ###
....o.)..#
.....###....g..


You could see an orc priest, an orc and a goblin.

Vanquished Creatures
  An adder (D:2)
  A dart slug (D:1)
  3 orcs (D:2)
  3 bats
  2 endoplasms (D:2)
  A giant cockroach (D:2)
  2 goblins
  2 hobgoblins
  6 jackals (D:2)
  A kobold (D:2)
  2 frilled lizards (D:1)
  3 rats
27 creatures vanquished.

Notes
Turn   | Place    | Note
-------+----------+-------------------------------------------
     0 | D:1      | GigaChad the Minotaur Hunter began the quest for the Orb.
     0 | D:1      | Reached XP level 1. HP: 18/18 MP: 0/0
    38 | D:1      | Found Viliov's Antique Weapon Emporium.
    90 | D:1      | Found a faded altar of an unknown god.
   137 | D:1      | Reached skill level 1 in Armour
   219 | D:1      | Reached XP level 2. HP: 25/25 MP: 1/1
   429 | D:2      | Reached skill level 5 in Ranged Weapons
   510 | D:2      | Reached XP level 3. HP: 7/30 MP: 2/2
  1024 | D:2      | Killed from afar by an orc priest

Illustrated notes

Levels and vault maps discovered:
D:1:      nicolae_arrival_memento_mori, layout_basic,
          ebering_ecumenical_altar_rust, serial_shops, shop
D:2:      cheibrodos_pilgrimage, layout_basic, minmay_strange_pillars,
          nicolae_shop_vocational

Skill      XL: |  1  2  3 |
---------------+----------+-----
Armour         | 1 |  1.4
Ranged Weapons | 5 |  5.2
Fighting       | 3 |  3.0
Dodging        | |  2.3
Stealth        | |  0.7

Action                   || total
-------------------------++-------
Melee: Shortbow          ||     9
       Dagger            ||    21
       Headbutt          ||     4
 Fire: Shortbow          ||    40
  Use: Scroll            ||     4
Armor: Chain mail        ||    70
Dodge: Dodged            ||    31
